 Dungeon Crawl Stone Soup version 0.28.0-45-g0d030f2227 (webtiles) character file.

Game seed: 7854942227071122064

10 McKennaii the Conjurer (level 2, 19/19 HPs)
             Began as a Demonspawn Conjurer on Apr 16, 2022.
             Quit the game on level 1 of the Dungeon.
             The game lasted 00:00:22 (535 turns).

McKennaii the Conjurer (Demonspawn Conjurer)         Turns: 535, Time: 00:00:23

Health: 19/19      AC:  2    Str:  7    XL:     2   Next: 10%
Magic:  0/5        EV: 12    Int: 19    God:
Gold:   14         SH:  0    Dex: 11    Spells: 4/5 levels left

rFire   . . .      SeeInvis .   (no weapon)
rCold   . . .      Faith    .   (no shield)
rNeg    . . .      Spirit   .   a - +0 robe
rPois   .          Reflect  .   (no helmet)
rElec   .          Harm     .   (no cloak)
rCorr   .          Rampage  .   (no gloves)
Will    .....                   (no boots)
Stlth   ++........              (no amulet)
HPRegen 0.06/turn               (no ring)
MPRegen 0.09/turn               (no ring)

@: very slightly contaminated
A: demonic guardian 1
a: no special abilities


You were on level 1 of the Dungeon.
You visited 1 branch of the dungeon, and saw 1 of its levels.

You collected 14 gold pieces.

Inventory:

Armour
 a - a +0 robe (worn)
Potions
 b - a potion of ambrosia {unknown}


   Skills:
 - Level 1.7 Dodging
 - Level 1.7 Stealth
 + Level 2.3 Spellcasting
 + Level 4.2 Conjurations


You had 4 spell levels left.
You knew the following spells:

 Your Spells              Type           Power      Damage    Failure   Level
a - Magic Dart            Conj           72%        1d6       2%          1

Your spell library contained the following spells:

 Spells                   Type           Power      Damage    Failure   Level
 Searing Ray              Conj           36%        2d5       4%          2
 Dazzling Flash           Conj/Hex       20%        N/A       21%         3
 Fulminant Prism          Conj/Hex       5%         3d7       56%         4
 Iskenderun's Mystic Bla  Conj/Tloc      10%        2d4       56%         4


Dungeon Overview and Level Annotations

Branches:
Dungeon (1/15)

Altars:


Innate Abilities, Weirdness & Mutations

A weak demonic guardian rushes to your aid.


Message History

A goblin comes into view. It is wielding a +0 dagger.
You see here 9 gold pieces.
The magic dart hits the goblin.
You kill the goblin!
You have reached level 2!
Your demonic ancestry asserts itself...
You feel the presence of a demonic guardian.
You can't see any susceptible monsters within range! (Use Z to cast anyway.)
You now have 14 gold pieces (gained 9).
b - a dark potion You can't see any susceptible monsters within range! (Use Z to cast anyway.)
Things that are here:
a +0 dagger; a goblin corpse A goblin comes into view.
It is wielding a +0 dagger.
The magic dart hits the goblin.
The goblin is heavily wounded.
The goblin shouts!
A goblin is nearby!
The magic dart hits the goblin.
The goblin is severely wounded.
A goblin is nearby!
The magic dart hits the goblin.
You kill the goblin!
A goblin comes into view. It is wielding a +0 club.
You miscast Magic Dart.
You are very lightly contaminated with residual magic.
Nothing appears to happen.
A goblin is nearby!
The magic dart hits the goblin.
The goblin is heavily wounded.
A goblin is nearby!
You are too depleted to draw on your mana recklessly!
A goblin is nearby!
You are too depleted to draw on your mana recklessly!
A goblin is nearby!
You are too depleted to draw on your mana recklessly!
A goblin is nearby!
You are too depleted to draw on your mana recklessly!
A goblin is nearby!
Are you sure you want to abandon this character and quit the game? (Confirm with "yes".)

..........'รท . .......#
#.......## #. .....#.
#.......# .##..... #####'####
...... #..^...... #. ....
##......... #. #g.#
#8......... .##.. ####..#
#...8...8.. .... #....@#
#8......... ...##.##.##
##......... #.#.)...#
####8<8### #....##.#
######### ###.###.####
......... ######.###....#
.#........## ............##.#
.#........##
######.........##............
##......#.....##.#####.#


You could see a goblin.

Vanquished Creatures
  2 endoplasms (D:1)
  A giant cockroach (D:1)
  2 goblins (D:1)
  2 hobgoblins (D:1)
  A frilled lizard (D:1)
8 creatures vanquished.

Notes
Turn   | Place    | Note
-------+----------+-------------------------------------------
     0 | D:1      | McKennaii the Demonspawn Conjurer began the quest for the
                  | Orb.
     0 | D:1      | Reached XP level 1. HP: 13/13 MP: 3/3
   486 | D:1      | Gained mutation: A weak demonic guardian rushes to your
                  | aid. [demonic ancestry]
   486 | D:1      | Reached XP level 2. HP: 19/19 MP: 3/5
   535 | D:1      | Quit the game

Illustrated notes

Levels and vault maps discovered:
D:1:      mrwooster_arrival_statue_3, layout_basic

Action                   || total
-------------------------++-------
Melee: Unarmed           ||    11
 Cast: Magic Dart        ||    18
Dodge: Dodged            ||    11
